 Dungeon Crawl Stone Soup version 0.29.0-13-gc9e81de378 (webtiles) character file.

Game seed: 9034771109435358190

14 sentinel the Digger (level 2, 18/20 HPs)
             Began as a Meteoran Earth Elementalist on Sept 9, 2022.
             Quit the game on level 1 of the Dungeon.
             The game lasted 00:00:46 (220 turns).

sentinel the Digger (Meteoran Earth Elementalist)    Turns: 220, Time: 00:00:46

Health: 18/20      AC:  2    Str:  9    XL:     2   Next: 82%
Magic:  4/6        EV: 12    Int: 16    God:
Gold:   0          SH:  0    Dex: 14    Spells: 3/6 levels left

rFire   . . .      SeeInvis .   (no weapon)
rCold   . . .      Faith    .   (no shield)
rNeg    . . .      Spirit   .   a - +0 robe
rPois   .          Reflect  .   (no helmet)
rElec   .          Harm     .   (no cloak)
rCorr   .          Rampage  .   (no gloves)
Will    .....                   (no boots)
Stlth   +.........              (no amulet)
HPRegen 0.06/turn               (no ring)
MPRegen 0.10/turn               (no ring)

@: glowing
A: sense surroundings 1, otherworldly, glowing, explore regen
a: no special abilities


You were on level 1 of the Dungeon.
You visited 1 branch of the dungeon, and saw 1 of its levels.

Inventory:

Armour
 a - a +0 robe (worn)
Scrolls
 c - a scroll of teleportation {unknown}
 d - a scroll of enchant weapon {unknown}
Potions
 b - a potion of magic
 e - a potion of might {unknown}
 f - a potion of heal wounds {unknown}
 g - a potion of lignification {unknown}


   Skills:
 - Level 2.4 Dodging
 - Level 1.4 Stealth
 - Level 2.6 Spellcasting
 - Level 1.2 Transmutations
 + Level 4.6 Earth Magic


You had 3 spell levels left.
You knew the following spells:

 Your Spells              Type           Power      Damage    Failure   Level
a - Sandblast             Erth           32%        2d9       3%          1
c - Passwall              Tmut/Erth      9%         N/A       9%          2

Your spell library contained the following spells:

 Spells                   Type           Power      Damage    Failure   Level
 Stone Arrow              Conj/Erth      18%        3d8       22%         3
 Petrify                  Tmut/Erth      11%        N/A       50%         4


Dungeon Overview and Level Annotations

Branches:
Dungeon (1/15) Zot: 373

Altars:


Innate Abilities, Weirdness & Mutations

You passively map a small area around you.
You are easily found by Zot.
You glow in the dark.
You regain HP and MP as you explore.


Message History

Welcome, sentinel the Meteoran Earth Elementalist.
Are you destined to find the glorious Orb of Zot, or to die trying?
Press ? for a list of commands and other information.
Found a staircase leading out of the dungeon.
You open the door.
There is an open door here.
You open the gate.
There is an open gate here.
Found 5 poisoned darts.
Found a scroll labelled FIF AHUADY.
c - a scroll labelled FIF AHUADY
Found 10 gold pieces.
A ball python comes into view.
Found a scroll labelled RIESO OKAUR.
The ball python hisses angrily.
The ball python moves out of view.
An endoplasm comes into view.
Found an orange potion.
The endoplasm quivers.
The blast of sand hits the ball python!
You kill the ball python!
The blast of sand misses the endoplasm.
The blast of sand hits the endoplasm!
You kill the endoplasm!
You can't see any susceptible monsters within range! (Use Z to cast anyway.)
d - a scroll labelled RIESO OKAUR
e - an orange potion
Found 6 gold pieces and a bubbling purple potion.
A dart slug comes into view.
You see here a bubbling purple potion.
The blast of sand hits the dart slug!
You kill the dart slug!
Your Earth Magic skill increases to level 4!
You have reached level 2!
f - a bubbling purple potion A frilled lizard comes into view.
Memorise Passwall, consuming 2 spell levels and leaving 3? [Y]es or [N]o only, please.
Memorise Passwall, consuming 2 spell levels and leaving 3? [Y]es or [N]o only, please.
Memorise Passwall, consuming 2 spell levels and leaving 3? [Y]es or [N]o only, please.
Memorise Passwall, consuming 2 spell levels and leaving 3? [Y]es or [N]o only, please.
Memorise Passwall, consuming 2 spell levels and leaving 3? [Y]es or [N]o only, please.
Memorise Passwall, consuming 2 spell levels and leaving 3?
You start memorising the spell.
You continue memorising. x2
You finish memorising.
Spell assigned to 'c'.
The blast of sand misses the frilled lizard.
The frilled lizard closely misses you.
The blast of sand misses the frilled lizard.
The frilled lizard bites you. The frilled lizard closely misses you.
The blast of sand hits the frilled lizard!
You kill the frilled lizard!
You can't see any susceptible monsters within range! (Use Z to cast anyway.)
You see here a frilled lizard corpse.
A rat comes into view.
The blast of sand hits the rat!
You kill the rat!
You can't see any susceptible monsters within range! (Use Z to cast anyway.)
A goblin comes into view. It is wielding a +0 club.
A goblin is nearby!
A goblin is nearby!
The blast of sand hits the goblin!
You kill the goblin!
You can't see any susceptible monsters within range! (Use Z to cast anyway.)
Things that are here:
a +0 club; a goblin corpse A hobgoblin comes into view.
Found a spear.
Found a dagger.
Found a short sword.
The hobgoblin closely misses you.
The blast of sand hits the hobgoblin!!
You kill the hobgoblin!
You can't see any susceptible monsters within range! (Use Z to cast anyway.)
You can't see any susceptible monsters within range! (Use Z to cast anyway.)
You see here a +0 dagger.
A kobold comes into view. It is wielding a +0 dagger.
The kobold shouts!
The blast of sand hits the kobold!
You kill the kobold!
You can't see any susceptible monsters within range! (Use Z to cast anyway.)
You can't see any susceptible monsters within range! (Use Z to cast anyway.)
You can't see any susceptible monsters within range! (Use Z to cast anyway.)
Things that are here:
a +0 dagger; a kobold corpse
Found 6 gold pieces.
You see here 6 gold pieces.
Found a lumpy yellow potion.
Found a robe.
A bat and a dart slug come into view.
The bat closely misses you. The bat misses you.
You see here a lumpy yellow potion.
The blast of sand hits the bat!
You kill the bat!
The dart slug launches a dart at you. The slug dart hits you.
The blast of sand hits the dart slug.
The dart slug is heavily wounded.
The blast of sand hits the dart slug!
You kill the dart slug!
You can't see any susceptible monsters within range! (Use Z to cast anyway.)
g - a lumpy yellow potion Are you sure you want to abandon this character and quit the game? (Confirm with "yes".)

.........# * ,
##....##.# [# #.. *
##.#.##.# ....###,,
#.#.##.####**#####.....#
#.......... ,......###.#
, #.##.##.### ......##.#
..###.##... ##.....#.# *
......##.# ##........#*
.$...†...# #@........# *
########.# ##........# *
#.# ##.....#.# * #.#
#....##.# #.# #.#.###.#
#.# #.#.# #$# #.## #.#.#
#.# #..# ..#.# #.# #
##.# ....###.#.#


There were no monsters in sight!

Vanquished Creatures
  2 dart slugs (D:1)
  A bat (D:1)
  An endoplasm (D:1)
  A goblin (D:1)
  A hobgoblin (D:1)
  A kobold (D:1)
  A ball python (D:1)
  A frilled lizard (D:1)
  A rat (D:1)
10 creatures vanquished.

Notes
Turn   | Place    | Note
-------+----------+-------------------------------------------
     0 | D:1      | sentinel the Meteoran Earth Elementalist began the quest
                  | for the Orb.
     0 | D:1      | Reached XP level 1. HP: 14/14 MP: 5/5
   138 | D:1      | Reached skill level 4 in Earth Magic
   138 | D:1      | Reached XP level 2. HP: 20/20 MP: 4/6
   146 | D:1      | Learned a level 2 spell: Passwall
   220 | D:1      | Quit the game

Illustrated notes

Levels and vault maps discovered:
D:1:      sevenhm_arrival_forest_fort_large_2, layout_loops_ring

Skill      XL: |  1 |
---------------+----+-----
Earth Magic    | 4 |  4.6
Dodging        | |  2.4
Stealth        | |  1.4
Spellcasting   | |  2.6
Transmutations | |  1.2

Action                   || total
-------------------------++-------
 Cast: Sandblast         ||    14
Dodge: Dodged            ||     5
